 Dungeon Sprint DCSS version 0.27-a0-394-g49c82dfaf2 (webtiles) character file.

Game seed: 10686627149623568005

44655 mhtbhm the Executioner (level 13, -3/141 HPs)
             Began as a Minotaur Fighter on Feb 20, 2021.
             Was the Champion of Trog.
             Collided with a metal wall (23 damage)
             ... caused by a deep elf knight
             ... in the Dungeon (Sprint VII: "The Pits").
             The game lasted 00:08:39 (4062 turns).

mhtbhm the Executioner (Minotaur Fighter)           Turns: 4062, Time: 00:08:40

Health: -3/141     AC: 20    Str: 35    XL:     13   Next: 97%
Magic:  12/12      EV: 12    Int:  5    God:    Trog [******]
Gold:   36         SH: 26    Dex: 11    Spells: 12/12 levels left

rFire    . . .     SeeInvis .   a - +8 broad axe "Ywkurhas" {flame, rElec Will+ Str+7}
rCold    + . .     Faith    .   c - +0 tower shield
rNeg     . . .     Spirit   .   b - +4 chain mail
rPois    .         Reflect  .   (helmet restricted)
rElec    +         Harm     .   (no cloak)
rCorr    .         Rampage  .   t - +0 pair of gloves
Will     +....     NoTele   +   (no boots)
Stlth    ..........             (no amulet)
HPRegen  0.33/turn              s - ring of protection from cold
MPRegen  0.13/turn              n - +3 ring of strength

@: berserk cooldown, slowed, very slow
A: retaliatory headbutt, horns 2
a: Renounce Religion, Berserk, Trog's Hand, Brothers in Arms


You were in the Dungeon.
You worshipped Trog.
Trog was exalted by your worship.
You visited 1 branch You collected 36 gold pieces.

Inventory:

Hand Weapons
 a - the +8 broad axe "Ywkurhas" (weapon) {flame, rElec Will+ Str+7}
   (Trog gifted it to you in the Dungeon)

   It has been specially enchanted to burn those struck by it, causing extra
   injury to most foes and up to half again as much damage against particularly
   susceptible opponents.
   Big, fiery blades are also staple armaments of hydra-hunters.
   It affects your strength (+7).
   It insulates you from electricity.
   It affects your willpower, your defense against some magical effects.
 o - a +3 scimitar of holy wrath
 p - a +2 vampiric war axe
 u - the +7 mace of Variability {chain chaos}
   (You found it in the Dungeon)

   Each time it hits an enemy it has a different, random effect.
Armour
 b - a +4 chain mail (worn)
 c - a +0 tower shield (worn)
 t - a +0 pair of gloves (worn)
Jewellery
 m - a ring of poison resistance
 n - a +3 ring of strength (right hand)
 s - a ring of protection from cold (left hand)
Scrolls
 j - 4 scrolls of blinking
 l - a scroll of summoning
 q - 8 scrolls of enchant armour
 r - 3 scrolls of identify
Potions
 d - 3 potions of might
 e - 11 potions of curing
 f - 4 potions of heal wounds
 g - 4 potions of haste
 h - 4 potions of magic
 i - 7 potions of berserk rage
 k - a potion of invisibility


   Skills:
 + Level 20.7 Fighting
 + Level 22.8 Axes
 + Level 17.7 Armour
 + Level 8.0 Dodging
 + Level 6.9 Stealth
 + Level 22.0 Shields


You had 12 spell levels left.
You didn't know any spells.
Your spell library was empty.

Dungeon Overview and Level Annotations

Branches:
Dungeon (1/1)

Altars:
Ashenzari
Cheibriados
Dithmenos
Elyvilon
Fedhas
Gozag
Hepliaklqana
Kikubaaqudgha
Makhleb
Nemelex Xobeh
Okawaru
Qazlal
Ru
Sif Muna
Trog
Uskayaw
Vehumet
Wu Jian
Xom
Yredelemnul
Zin
The Shining One
Beogh
Jiyva
Lugonu


Innate Abilities, Weirdness & Mutations

You reflexively headbutt those who attack you in melee.
You have a pair of horns on your head.


Message History

Your cyclops's corpse disappears in a puff of smoke!
You block something's attack.
The orc knight hits you from afar with a +0 halberd!!
* * * LOW HITPOINT WARNING * * *
The orc warrior hits you but does no damage.
Unknown command.
Blink to where?
Press: ? - help, Dir - move target
As you read the scroll of blinking, it crumbles to dust.
The orc knight unwields a +0 war axe.
The orc knight wields a +0 arbalest.
The orc knight shoots a bolt.
The bolt closely misses you.
Your troll bites the orc knight but does no damage.
Your troll closely misses the orc knight. x2
You feel much better. You block something's attack. Something hits your troll!!
Your troll dies!
Your troll's corpse disappears in a puff of smoke!
Something hits you but does no damage.
The orc knight shoots a bolt.
You block the bolt.
Unknown command.
Your stone giant goes berserk!
Something hits you.
* * * LOW HITPOINT WARNING * * *
Something completely misses you.
You hear some strange, mumbled words.
A lance of force appears from out of thin air!
The lance of force hits you.
* * * LOW HITPOINT WARNING * * *
You are knocked back by the lance of force.
You slam into the metal wall!
Unknown command.
You feel much better.
The orc knight shoots a bolt.
The bolt hits you!
* * * LOW HITPOINT WARNING * * *
Your stone giant rages.
You hear some strange, mumbled words.
A lance of force appears from out of thin air!
The lance of force hits you!!
* * * LOW HITPOINT WARNING * * *
You are knocked back by the lance of force.
You slam into the metal wall!
You die...

.#..# ....+ ....+ ##''#
##''#############################
##...............................
##.....[.........................
##..##############''#############
##..# #@.....# ##..# #.(....# +##
##..# #..{...# ...# ##..#
...###.C###o...## ##..#
....))))oo)...... #..#
....).))o))....## ##))#
.####....####..# ....# #....# .#
....# ##..##


You could see 2 orc knights, an orc warrior (strong) and a friendly stone giant
(summoned, berserk).

Vanquished Creatures
  Frances (D)
  A nagaraja (D)
  A fire giant (D)
  2 orc warlords (D)
  2 ghost moths (D)
  An apis (D)
  A red draconian (D)
  A purple draconian (D)
  2 yaktaur captains (D)
  A great orb of eyes (D)
  A fire dragon (D)
  An ice dragon (D)
  Harold (D)
  An ogre mage (D)
  2 boulder beetles (D)
  A merfolk avatar (D)
  A two-headed ogre (D)
  Erica (D)
  3 death yaks (D)
  A shadow wraith (D)
  A fire crab (D)
  A sea snake (D)
  A bog body (D)
  A spriggan druid (D)
  2 deep elf zephyrmancers (D)
  A phantasmal warrior (D)
  8 orc knights (D)
  A deep elf pyromancer (D)
  2 wolf spiders (D)
  A cyclops (D)
  A guardian serpent (D)
  2 elephants (D)
  A merfolk siren (D)
  An orange demon (D)
  Psyche (D)
  3 kobold demonologists (D)
  2 eyes of devastation (D)
  A rime drake (D)
  A freezing wraith (D)
  A demonic crawler (D)
  2 trolls (D)
  2 polar bears (D)
  A wind drake (shapeshifter) (D)
  A hornet (D)
  4 blink frogs (D)
  2 snapping turtles (D)
  A redback (D)
  2 air elementals (D)
  A ynoxinul (D)
  4 shadows (D)
  2 basilisks (D)
  A wyvern (D)
  A small abomination (D)
  3 vampire mosquitoes (D)
  2 neqoxecs (D)
  A soldier ant (D)
  An ice beast (D)
  A sky beast (D)
  6 wolves (D)
  2 necrophages (D)
  An ogre (D)
  2 centaurs (D)
  A phantom (D)
  A bullfrog (D)
  2 gnoll sergeants (D)
  A scorpion (D)
  4 killer bees (D)
  A crimson imp (D)
  An orc priest (D)
  A gnoll shaman (D)
  4 orc wizards (D)
  An iguana (D)
  A hell rat (D)
  2 worker ants (D)
  9 gnolls (D)
  2 river rats (D)
  An ufetubus (D)
  An ooze (D)
  An adder skeleton (D)
  A leopard gecko (D)
  5 orcs (D)
  A bat skeleton (D)
  5 jackals (D)
  2 bats (D)
  A bat simulacrum (D)
  2 frilled lizards (D)
  A goblin (D)
  A jackal zombie (D)
  2 kobolds (D)
  A rat (D)
158 creatures vanquished.

Vanquished Creatures (collateral kills)
  A daeva (D)
  A deep elf sorcerer (D)
  A minotaur (D)
  A yaktaur captain (D)
  A naga warrior (D)
  A deep elf knight (D)
  3 orc knights (D)
  3 yaktaurs (D)
  An orc (D)
13 creatures vanquished.

Vanquished Creatures (others)
  A deep elf knight (D)
  An orc (D)
2 creatures vanquished.

Grand Total: 173 creatures vanquished

Notes
Turn   | Place    | Note
-------+----------+-------------------------------------------
     0 | D        | mhtbhm the Minotaur Fighter began the quest for the Orb.
     0 | D        | Reached XP level 1. HP: 19/19 MP: 0/0
    18 | D        | Found a bloodstained altar of Trog.
    18 | D        | Found a shimmering blue altar of Sif Muna.
    18 | D        | Found a viscous altar of Jiyva.
    18 | D        | Found a hazy altar of Hepliaklqana.
    18 | D        | Found an opulent altar of Gozag.
    19 | D        | Found a glowing golden altar of the Shining One.
    19 | D        | Found a glowing silver altar of Zin.
    19 | D        | Found a basalt altar of Yredelemnul.
    19 | D        | Found a shimmering altar of Xom.
    19 | D        | Found an ornate altar of the Wu Jian Council.
    19 | D        | Found a sacrificial altar of Ru.
    19 | D        | Found a stormy altar of Qazlal.
    19 | D        | Found an iron altar of Okawaru.
    19 | D        | Found a sparkling altar of Nemelex Xobeh.
    19 | D        | Found a burning altar of Makhleb.
    19 | D        | Found a blossoming altar of Fedhas.
    19 | D        | Found a white marble altar of Elyvilon.
    19 | D        | Found a shadowy altar of Dithmenos.
    19 | D        | Found a snail-covered altar of Cheibriados.
    21 | D        | Found a radiant altar of Vehumet.
    21 | D        | Found a corrupted altar of Lugonu.
    21 | D        | Found a roughly hewn altar of Beogh.
    23 | D        | Became a worshipper of Trog the Wrathful
    60 | D        | Noticed a worker ant
    68 | D        | Killed a worker ant
    69 | D        | Reached skill level 5 in Fighting
    69 | D        | Reached skill level 5 in Armour
    69 | D        | Reached skill level 5 in Shields
    69 | D        | Reached XP level 2. HP: 26/29 MP: 1/1
    69 | D        | Reached XP level 3. HP: 33/36 MP: 2/2
    88 | D        | Reached * piety under Trog
   206 | D        | Reached ** piety under Trog
   209 | D        | Reached XP level 4. HP: 45/45 MP: 3/3
   210 | D        | Reached *** piety under Trog
   211 | D        | Reached skill level 1 in Dodging
   318 | D        | Noticed a necrophage
   318 | D        | Noticed a gnoll sergeant
   318 | D        | Noticed a centaur
   319 | D        | Noticed a gnoll sergeant
   319 | D        | Noticed a phantom
   329 | D        | Killed a centaur
   330 | D        | Reached skill level 5 in Axes
   330 | D        | Reached XP level 5. HP: 41/53 MP: 4/4
   330 | D        | Reached **** piety under Trog
   331 | D        | Killed a necrophage
   332 | D        | Reached XP level 6. HP: 45/62 MP: 5/5
   335 | D        | Reached skill level 10 in Armour
   335 | D        | Reached skill level 10 in Shields
   337 | D        | Reached ***** piety under Trog
   344 | D        | Reached XP level 7. HP: 42/70 MP: 6/6
   553 | D        | Noticed a deep elf zephyrmancer
   562 | D        | Killed a deep elf zephyrmancer
   562 | D        | Received a gift from Trog
   563 | D        | Reached skill level 10 in Fighting
   563 | D        | Reached XP level 8. HP: 41/79 MP: 7/7
   805 | D        | Noticed a freezing wraith
   816 | D        | Killed a freezing wraith
   816 | D        | Reached ****** piety under Trog
   816 | D        | Received a gift from Trog
   817 | D        | Reached skill level 10 in Axes
  1101 | D        | Found a hide-covered altar of Uskayaw.
  1101 | D        | Found an ancient bone altar of Kikubaaqudgha.
  1101 | D        | Found a broken altar of Ashenzari.
  1128 | D        | Noticed a rime drake
  1136 | D        | Killed a rime drake
  1240 | D        | Noticed Psyche
  1240 | D        | Noticed a death yak
  1240 | D        | Noticed a death yak
  1240 | D        | Noticed a death yak
  1248 | D        | Killed a death yak
  1249 | D        | Reached XP level 9. HP: 89/89 MP: 8/8
  1250 | D        | Killed a death yak
  1253 | D        | Killed a death yak
  1261 | D        | Killed Psyche
  1261 | D        | Received a gift from Trog
  1262 | D        | Reached XP level 10. HP: 94/97 MP: 9/9
  1306 | D        | Noticed an elephant
  1309 | D        | Noticed a daeva
  1317 | D        | Killed an elephant
  1337 | D        | Killed a daeva
  1338 | D        | Reached skill level 15 in Axes
  1338 | D        | Reached skill level 1 in Stealth
  1683 | D        | Noticed a great orb of eyes
  1697 | D        | Paralysed by a great orb of eyes for 2 turns
  1704 | D        | Killed a great orb of eyes
  1705 | D        | Reached skill level 15 in Shields
  2001 | D        | Noticed a fire crab
  2007 | D        | Reached skill level 5 in Dodging
  2011 | D        | Killed a fire crab
  2011 | D        | Received a gift from Trog
  2239 | D        | Reached skill level 15 in Armour
  2241 | D        | Reached XP level 11. HP: 108/108 MP: 10/10
  2249 | D        | Received a gift from Trog
  2300 | D        | Received a gift from Trog
  2311 | D        | Got a fine broad axe {god gift}
  2312 | D        | Identified the +8 broad axe "Ywkurhas" {flame, rElec Will+
                  | Str+7} (Trog gifted it to you in the Dungeon)
  2449 | D        | Received a gift from Trog
  2453 | D        | Noticed a phantasmal warrior
  2459 | D        | Killed a phantasmal warrior
  2468 | D        | Noticed a deep elf pyromancer
  2469 | D        | Noticed a bog body
  2475 | D        | Killed a bog body
  2476 | D        | Noticed Harold
  2477 | D        | Killed a deep elf pyromancer
  2477 | D        | Received a gift from Trog
  2488 | D        | Killed Harold
  2489 | D        | Reached skill level 15 in Fighting
  2509 | D        | Killed a shadow wraith
  2509 | D        | Received a gift from Trog
  2571 | D        | Received a gift from Trog
  2661 | D        | Noticed an orc knight
  2671 | D        | Killed an orc knight
  2801 | D        | Noticed a boulder beetle
  2804 | D        | Received a gift from Trog
  2814 | D        | Killed a boulder beetle
  2891 | D        | Noticed a spriggan druid
  2893 | D        | Killed a spriggan druid
  2894 | D        | Reached XP level 12. HP: 122/122 MP: 11/11
  2902 | D        | Noticed Erica
  2909 | D        | Received a gift from Trog
  2914 | D        | Killed Erica
  3196 | D        | Noticed a boulder beetle
  3208 | D        | Killed a boulder beetle
  3356 | D        | Got an iridescent war axe {god gift}
  3357 | D        | Identified the +6 war axe "Douneoda" {vorpal, Fragile
                  | +Blink Int+8} (Trog gifted it to you in the Dungeon)
  3443 | D        | Noticed an ice dragon
  3443 | D        | Noticed a fire dragon
  3443 | D        | Noticed a red draconian
  3443 | D        | Noticed a nagaraja
  3446 | D        | Killed a ghost moth
  3446 | D        | Received a gift from Trog
  3451 | D        | Killed an ice dragon
  3456 | D        | Killed a fire dragon
  3460 | D        | Killed a red draconian
  3463 | D        | Received a gift from Trog
  3464 | D        | Killed a nagaraja
  3645 | D        | Noticed an ogre mage
  3646 | D        | Found the +7 mace of Variability {chain chaos}
  3646 | D        | Noticed a fire giant
  3646 | D        | Noticed a purple draconian
  3651 | D        | Killed a fire giant
  3652 | D        | Received a gift from Trog
  3654 | D        | Identified the +2 short sword of an ossuary {vorpal, rF++
                  | Str+4 Dex-4}
  3654 | D        | Killed an ogre mage
  3658 | D        | Noticed a two-headed ogre
  3660 | D        | Received a gift from Trog
  3661 | D        | Killed a two-headed ogre
  3662 | D        | Reached XP level 13. HP: 136/136 MP: 1/12
  3666 | D        | Received a gift from Trog
  3670 | D        | Killed a purple draconian
  3672 | D        | Killed a ghost moth
  3677 | D        | Received a gift from Trog
  3679 | D        | Identified the +7 mace of Eternity {vorpal, rF- rN+++ Str-2
                  | Int+5}
  3679 | D        | Noticed Frances
  3690 | D        | Killed Frances
  3698 | D        | Received a gift from Trog
  3849 | D        | Noticed an orb of fire
  4024 | D        | Noticed a minotaur
  4026 | D        | Noticed an orc warlord
  4026 | D        | Killed a minotaur
  4027 | D        | Noticed an orc warlord
  4031 | D        | Noticed an apis
  4035 | D        | Killed an orc warlord
  4037 | D        | Noticed a deep elf sorcerer
  4039 | D        | Received a gift from Trog
  4042 | D        | Killed an orc warlord
  4042 | D        | Received a gift from Trog
  4043 | D        | Reached skill level 5 in Stealth
  4048 | D        | Killed a deep elf sorcerer
  4050 | D        | Received a gift from Trog
  4056 | D        | Killed an apis
  4062 | D        | Collided with a metal wall

Illustrated notes

Levels and vault maps discovered:
D:        pitsprint [storerooms_1, entrance_room_1, metal_vault_8, armoury_1,
          mini_pit_1, grid_room_1, main_hall_1, silver_pit, the_coven_1,
          the_vestibule_1, steel_vault_5, golden_pit, hallway_of_sentries,
          crystal_vault_4, iron_vault_5, final_vault]

Skill      XL: |  1  2  3  4  5  6  7  8  9 10 11 12 13 |
---------------+----------------------------------------+-----
Fighting       | 5 6 7 8 9 10 11 12 13 16 18 20 | 20.7
Armour         | 5 6 8 9 10 11 13 14 15 16 17 | 17.7
Shields        | 5 6 8 9 10 11 13 14 15 18 20 22 | 22.0
Axes           | 3 4 5 6 7 9 12 14 16 19 21 22 | 22.8
Dodging        | 1 2 3 4 5 6 8 |  8.0
Stealth        | 1 2 3 6 |  6.9

Action                   |  1- 3 |  4- 6 |  7- 9 | 10-12 | 13-15 || total
-------------------------+-------+-------+-------+-------+-------++-------
Melee: Hand axe          |    22 |    22 |    28 |       |       ||    72
       War axe           |     3 |       |    21 |    87 |       ||   111
       Headbutt          |     3 |     5 |    13 |    60 |    13 ||    94
       Broad axe         |       |       |       |   119 |    61 ||   180
Invok: Berserk           |     1 |     1 |     3 |     6 |     1 ||    12
       Brothers in Arms  |       |       |       |     1 |     4 ||     5
  Use: Potion            |       |       |       |     3 |     6 ||     9
       Scroll            |       |       |       |       |     1 ||     1
 Stab: Invisible         |       |       |       |       |     9 ||     9
Armor: Scale mail        |    10 |       |       |       |       ||    10
       Chain mail        |       |    12 |    17 |    48 |    10 ||    87
Dodge: Dodged            |    13 |     6 |    12 |    39 |    10 ||    80
Block: Kite shield       |    11 |    25 |    22 |    12 |       ||    70
       Tower shield      |       |       |       |   170 |    61 ||   231

Table legend: (Time is in decaauts)
 A = Elapsed time spent in this place.
 B = Non-inter-level travel time spent in this place.
 C = Inter-level travel time spent in this place.
 D = Time resting spent in this place.
 E = Time spent auto-exploring this place.
 F = Levels seen in this place.
 G = Mean time per level.
                   A        B        C        D        E       F      G
               +--------+--------+--------+--------+--------+-----+--------+
         Total |   4100 |   4100 |      0 |   2480 |    230 |   1 | 4100.0 |
       Dungeon |   4100 |   4100 |      0 |   2480 |    230 |   1 | 4100.0 |
               +--------+--------+--------+--------+--------+-----+--------+

Top non-repeatable levels by time:
       D: 4100 daAuts
